AoeStats
← ska_18

Oasis

509332356Analyzed
3v3 RM · 5d ago on Sep 26, 2026· 41m 51s· 6 players
Game mode
Random Map
Map size
Normal (6 player)
Population
200
Speed
Normal
Resources
Standard
Victory
Conquest
Starting age
Dark Age
Ending age
Imperial Age
RankedLock teamsTeams togetherTeam positionsShared explorationLock speedFull tech treeHidden civsTurbo modeCheats
Victory
Defeat
🇮🇳 Persians · India
994
+13
🇮🇳 Inca · India
966
+14
🇮🇳 Saxons · India
948
+14
🇧🇷 Persians · Brazil
922
-14
🇦🇹 Saracens · Austria
922
-14
🇮🇶 Cumans · Iraq
902
-13
Bredark
0:48 Loom
11:28 Feudal Age
14:32 Forging
19:11 Padded Archer Armor
20:48 Scale Barding Armor
23:31 Wheelbarrow
26:20 Castle Age
24:39 Stone Mining
25:13 Horse Collar
25:27 Fletching
26:04 Gold Mining
26:53 Bloodlines
26:48 Double-Bit Axe
28:07 Husbandry
28:57 Iron Casting
31:34 Chain Barding Armor
32:28 Leather Archer Armor
32:19 Husbandry
33:31 Gold Shaft Mining
34:41 Bodkin Arrow
37:14 Stone Shaft Mining
37:11 Hand Cart
37:14 Thumb Ring
36:39 Crossbowman
37:23 Scale Mail Armor
38:18 Squires
38:26 Kamandaran
39:46 Chain Mail Armor
ska_18
aryaszahir958
6:41 Loom
9:29 Feudal Age
14:15 Horse Collar
19:26 Double-Bit Axe
24:08 Castle Age
22:32 Gold Mining
23:42 Wheelbarrow
23:59 Bloodlines
24:22 Crossbowman
24:55 Fletching
25:06 Padded Archer Armor
26:08 Gold Shaft Mining
25:56 Stone Mining
28:33 Forging
28:29 Scale Barding Armor
31:36 Hand Cart
34:23 Imperial Age
32:20 Chain Barding Armor
32:35 Iron Casting
32:53 Bow Saw
35:32 Cavalier
arpeetmakasare123
4:22 Loom
11:43 Feudal Age
13:10 Town Watch
16:15 Castle Age
15:58 Double-Bit Axe
15:56 Horse Collar
17:43 Bow Saw
23:50 Wheelbarrow
25:51 Hand Cart
30:14 Imperial Age
28:14 Gold Mining
28:19 Stone Mining
28:30 Stone Mining
28:52 Heavy Plow
29:09 Squires
28:55 Gambesons
29:00 Arson
29:52 Pikeman
32:59 Conscription
33:52 Capped Ram
35:45 Scale Mail Armor
35:55 Forging
35:18 Shield Wall
36:44 Gold Shaft Mining
37:17 Elite Varangian Guard
40:07 Chain Mail Armor
40:28 Iron Casting
40:28 Halberdier
Funesh
10:43 Feudal Age
12:02 Loom
15:07 Castle Age
14:26 Double-Bit Axe
15:47 Bow Saw
17:53 Wheelbarrow
22:24 Horse Collar
23:01 Hand Cart
23:14 Gold Mining
26:07 Gold Shaft Mining
25:23 Stone Mining
27:19 Stone Shaft Mining
29:50 Town Watch
31:34 Town Patrol
35:12 Imperial Age
33:46 Heavy Plow
35:15 Forging
35:11 Scale Barding Armor
36:03 Conscription
35:15 Elite War Elephant
36:32 Iron Casting
36:58 Ballistics
37:39 Chemistry
36:36 Murder Holes
36:52 Masonry
36:59 Kamandaran
37:14 Citadels
37:49 Crop Rotation
38:20 Two-Man Saw
38:12 Chain Barding Armor
37:45 Fletching
37:55 Padded Archer Armor
38:37 Husbandry
38:47 Bloodlines
ephiret
7:14 Loom
9:59 Feudal Age
10:20 Champi Runner
12:43 Arson
18:33 Double-Bit Axe
23:47 Castle Age
21:47 Horse Collar
23:59 Champi Warrior
23:59 Pikeman
24:02 Crossbowman
24:47 Thumb Ring
26:08 Wheelbarrow
25:56 Town Watch
26:40 Thumb Ring
28:51 Bow Saw
28:37 Gold Mining
28:51 Squires
31:05 Hand Cart
33:15 Forging
33:05 Scale Mail Armor
34:52 Iron Casting
39:27 Ballistics
39:20 Heavy Plow
39:57 Gold Shaft Mining
39:53 Chain Mail Armor
39:29 Fletching
39:39 Padded Archer Armor
43:42 Imperial Age
Connection lost

Rejoining the realm…

Still unreachable

The connection could not be restored.

Session expired

The server has moved on; the page needs a fresh start.